 Dungeon Crawl Stone Soup version 0.28-a0-1087-gf3fc490d9d (webtiles) character file.

Game seed: 15704012628816543265

613 meatgazer the Agent of Entropy (level 7, -4/56 HPs)
             Began as a Demonspawn Abyssal Knight on Dec 10, 2021.
             Was a Priest of Lugonu.
             Slain by a gnoll sergeant (17 damage)
             ... on level 5 of the Dungeon.
             The game lasted 00:06:47 (5457 turns).

meatgazer the Agent of Entropy (DsAK)               Turns: 5457, Time: 00:06:48

Health: -4/56      AC:  3    Str: 19    XL:     7   Next: 20%
Magic:  11/11      EV: 13    Int: 11    God:    Lugonu [***...]
Gold:   866        SH:  0    Dex: 14    Spells: 6/6 levels left

rFire   . . .      SeeInvis .   a - +3 spear
rCold   . . .      Faith    .   (no shield)
rNeg    . . .      Spirit   .   b - +0 leather armour
rPois   +          Reflect  .   (no helmet)
rElec   +          Harm     .   (no cloak)
rCorr   +          Rampage  .   (no gloves)
Will    .....                   (no boots)
Stlth   +.........              (no amulet)
HPRegen 0.18/turn               c - +6 ring of strength
MPRegen 0.12/turn               e - ring of Compulsion {Wiz rElec rPois rCorr Dex-2}

@: about to teleport
A: repulsion field 1, ignite blood 2, demonic touch 1
a: Renounce Religion, Depart the Abyss, Bend Space, Banish


You were on level 5 of the Dungeon.
You worshipped Lugonu.
Lugonu was most pleased with you.
You visited 1 branch of the dungeon, and saw 5 of its levels.
You visited the Abyss 1 time.

You collected 866 gold pieces.

Inventory:

Hand Weapons
 a - a +3 spear (weapon)
Missiles
 k - 3 throwing nets
Armour
 b - a +0 leather armour (worn)
 o - a +0 buckler
Jewellery
 c - a +6 ring of strength (left hand)
 e - the ring of Compulsion (right hand) {Wiz rElec rPois rCorr Dex-2}
   (You acquired it on level 1 of the Dungeon)

   [ring of wizardry]

   It improves your spell success rate.
   Dex:       It affects your dexterity (-2).
   rElec:     It insulates you from electricity.
   rPois:     It protects you from poison.
   rCorr:     It protects you from acid and corrosion.
 m - a ring of see invisible
Wands
 d - a wand of flame (3)
Scrolls
 q - 2 scrolls of blinking
 r - a scroll of enchant armour {unknown}
Potions
 f - 2 potions of attraction {unknown}
 g - 3 potions of haste {unknown}
 h - 4 potions of heal wounds {unknown}
 i - 2 potions of curing {unknown}
 j - a potion of might {unknown}
 l - a potion of flight {unknown}
 n - a potion of invisibility {unknown}


   Skills:
 + Level 5.2 Fighting
 + Level 4.2 Polearms
 - Level 2.0 Armour
 - Level 1.0 Dodging
 + Level 1.1 Shields
 + Level 6.1 Invocations


You had 6 spell levels left.
You didn't know any spells.
Your spell library contained the following spells:

 Spells                   Type           Power      Damage    Failure   Level
 Ozocubu's Armour         Ice            0%         N/A       43%         3
 Metabolic Englaciation   Hex/Ice        0%         N/A       98%         5
 Simulacrum               Ice/Necr       0%         N/A       100%        6


Dungeon Overview and Level Annotations

Branches:
Dungeon (5/15)
 Temple: D:4-7

Altars:


Innate Abilities, Weirdness & Mutations

You are surrounded by a mild repulsion field. (EV +2)
Your demonic aura often causes spilled blood to erupt in flames.
Your touch may inflict minor irresistible damage on your foes.


Message History

You hit the gnoll.
You kill the gnoll!
Lugonu accepts your kill.
You can now banish your foes.
You hit the gnoll.
You touch the gnoll.
The gnoll is severely wounded.
The gnoll closely misses you.
The gnoll sergeant hits you from afar with a +0 trident.
You barely miss the gnoll.
The gnoll is severely wounded.
The gnoll completely misses you.
The gnoll sergeant hits you from afar with a +0 trident.
You barely miss the gnoll.
The gnoll is severely wounded.
The gnoll completely misses you.
You closely miss the gnoll.
The gnoll is severely wounded.
The gnoll sergeant hits you from afar with a +0 trident.
The gnoll hits you with a +0 club.
You barely miss the gnoll.
The gnoll is severely wounded.
The gnoll sergeant hits you from afar with a +0 trident!
The gnoll hits you with a +0 club.
You hit the gnoll.
You kill the gnoll!
Lugonu accepts your kill.
The gnoll sergeant hits you from afar with a +0 trident.
The gnoll sergeant hits you with a +0 trident!
* * * LOW HITPOINT WARNING * * *
Things that are here:
a +0 club; a +0 whip; a gnoll corpse You hit the gnoll sergeant but do no damage.
You touch the gnoll sergeant.
The gnoll sergeant is lightly wounded.
The gnoll sergeant misses you. The gnoll sergeant barely misses you.
A hound skeleton comes into view.
As you read the scroll of teleportation, it crumbles to dust.
You feel strangely unstable.
The gnoll sergeant hits you from afar with a +0 trident!
You die...

####### #...... ### #.#####
#... ##### #.# #.... #...#
#######.#
#.....#...#########.......#####
+.....'..gggg.@................
#.....#...#####.###.###########
#.... #...# #.# #.# #... #...#
#.# #.# ### ##### #Z# #.# #.#
#.. #.# ### #.# #.# ..#


You could see a gnoll sergeant, 3 gnolls and a hound skeleton.

Vanquished Creatures
  An orc warrior (D:4)
  A gnoll sergeant (D:4)
  A scorpion (D:4)
  A water moccasin skeleton (D:2)
  An orc priest (D:4)
  A jelly (D:4)
  Jessica (D:2)
  An orc wizard (D:4)
  13 gnolls
  4 adders
  An adder skeleton (D:4)
  2 dart slugs (D:2)
  2 orcs (D:4)
  7 ball pythons
  3 bats
  3 endoplasms
  8 giant cockroaches
  7 hobgoblins
  3 jackals (D:2)
  3 quokkas (D:3)
  7 frilled lizards
  6 goblins
  6 kobolds
  10 rats
93 creatures vanquished.

Vanquished Creatures (others)
  2 fungi (D:1)
  3 toadstools (D:1)
5 creatures vanquished.

Grand Total: 98 creatures vanquished

Notes
Turn   | Place    | Note
-------+----------+-------------------------------------------
     0 | Abyss:1  | meatgazer the Demonspawn Abyssal Knight began the quest for
                  | the Orb.
     0 | Abyss:1  | Reached XP level 1. HP: 18/18 MP: 2/2
    28 | Abyss:2  | Found a corrupted altar of Lugonu.
    85 | Abyss:4  | Found a corrupted altar of Lugonu.
   138 | Abyss:5  | Entered Level 5 of the Abyss
   156 | Abyss:5  | Noticed a thrashing horror
   156 | Abyss:5  | Noticed a worldbinder
   156 | Abyss:5  | Noticed a guardian serpent
   156 | Abyss:5  | Noticed a shadow demon
   157 | Abyss:5  | Noticed a freezing wraith
   157 | Abyss:5  | Noticed a freezing wraith
   159 | Abyss:5  | Noticed a skeletal warrior
   159 | Abyss:5  | Found an ornate altar of the Wu Jian Council.
   168 | Abyss:5  | Noticed a skeletal warrior
   168 | Abyss:5  | Noticed a skeletal warrior
   168 | Abyss:5  | Noticed a necromancer
   168 | D:1      | Escaped the Abyss
   407 | D:1      | Reached skill level 1 in Dodging
   535 | D:1      | Found a faded altar of an unknown god.
   559 | D:1      | Gained mutation: Your demonic aura sometimes causes spilled
                  | blood to erupt in flames. [demonic ancestry]
   559 | D:1      | Reached XP level 2. HP: 24/24 MP: 4/4
   791 | D:1      | Reached * piety under Lugonu
   856 | D:1      | Reached skill level 3 in Invocations
  1190 | D:1      | Identified 2 scrolls of acquirement
  1190 | D:1      | Acquired 546 gold pieces
  1192 | D:1      | Acquired the ring of Compulsion {Wiz rElec rPois rCorr
                  | Dex-2}
  1372 | D:2      | Reached XP level 3. HP: 29/29 MP: 5/5
  1447 | D:2      | Noticed Jessica
  1451 | D:2      | Killed Jessica
  1452 | D:2      | Reached XP level 4. HP: 37/37 MP: 6/6
  1623 | D:2      | Reached skill level 4 in Invocations
  2062 | D:2      | Gained mutation: Your demonic aura often causes spilled
                  | blood to erupt in flames. [demonic ancestry]
  2062 | D:2      | Reached XP level 5. HP: 42/42 MP: 8/8
  2235 | D:2      | Reached ** piety under Lugonu
  3294 | D:4      | Noticed an orc warrior
  3763 | D:4      | Reached skill level 5 in Invocations
  3767 | D:4      | Gained mutation: Your touch may inflict minor irresistible
                  | damage on your foes. [demonic ancestry]
  3767 | D:4      | Reached XP level 6. HP: 30/49 MP: 9/9
  3988 | D:4      | Killed an orc warrior
  4044 | D:4      | Reached skill level 5 in Fighting
  4463 | D:4      | Gained mutation: You are surrounded by a mild repulsion
                  | field. (EV +2) [demonic ancestry]
  4463 | D:4      | Reached XP level 7. HP: 44/56 MP: 11/11
  4611 | D:4      | Reached skill level 6 in Invocations
  5141 | D:4      | Reached skill level 1 in Shields
  5324 | D:5      | Entered Level 5 of the Dungeon
  5446 | D:5      | Reached *** piety under Lugonu
  5457 | D:5      | Slain by a gnoll sergeant

Illustrated notes

Levels and vault maps discovered:
D:1:      lemuel_arrival_broad_hall, layout_loops_ring,
          chequers_ecumenical_altar_island, minmay_gold_behind_fungi,
          feat_on_display
D:2:      minmay_evil_eye, layout_basic, kennysheep_potato, uniq_jessica
D:3:      layout_basic
D:4:      layout_layer_cave, minmay_misc_feat_room
D:5:      black_bear_nest_1, layout_basic, uniq_grinder

Skill      XL: |  1  2  3  4  5  6  7 |
---------------+----------------------+-----
Dodging        | 1 |  1.0
Armour         | 2 |  2.0
Polearms       | 2 3 4 |  4.2
Invocations    | 3 4 5 6 |  6.1
Fighting       | 4 5 |  5.2
Shields        | 1 |  1.1

Action                   |  1- 3 |  4- 6 |  7- 9 || total
-------------------------+-------+-------+-------++-------
Melee: Spear             |    95 |   159 |    41 ||   295
       Touch             |       |     1 |     5 ||     6
Invok: Depart the Abyss  |     1 |       |       ||     1
Evoke: Wand              |       |     3 |       ||     3
  Use: Scroll            |     8 |     1 |     1 ||    10
       Potion            |     1 |       |       ||     1
 Stab: Distracted        |       |     1 |       ||     1
       Sleeping          |       |     1 |       ||     1
Armor: Leather armour    |    15 |    17 |     2 ||    34
Dodge: Dodged            |    43 |    76 |    14 ||   133

Table legend: (Time is in decaauts)
 A = Elapsed time spent in this place.
 B = Non-inter-level travel time spent in this place.
 C = Inter-level travel time spent in this place.
 D = Time resting spent in this place.
 E = Time spent auto-exploring this place.
 F = Levels seen in this place.
 G = Mean time per level.
                   A        B        C        D        E       F      G
               +--------+--------+--------+--------+--------+-----+--------+
         Total |   5449 |   5231 |    218 |   1529 |   3076 |  10 |  544.9 |
       Dungeon |   5282 |   5064 |    218 |   1529 |   2977 |   5 | 1056.4 |
         Abyss |    167 |    167 |      0 |      0 |     99 |   5 |   33.4 |
               +--------+--------+--------+--------+--------+-----+--------+

Top non-repeatable levels by time:
     D:3: 1604 daAuts
     D:4: 1353 daAuts
     D:2: 1115 daAuts
     D:1: 1078 daAuts
     D:5: 131 daAuts
 Abyss:4: 56 daAuts
 Abyss:3: 43 daAuts
 Abyss:5: 29 daAuts
 Abyss:1: 28 daAuts
 Abyss:2: 8 daAuts
